Map: Tours du crépuscule

Players

Dalixam - Winner!

  • Race: Terran Terran
  • League: Silver
  • Spawn Location: 7:00

zidar

  • Race: Zerg Zerg
  • League: Gold
  • Spawn Location: 1:00

VOD

Have the link to the VOD?

Description

Time

  • Played on: June 8, 2016, 2:11 p.m.
  • Length: 8:19
Show
View Real Time Build Order
Export as new Build Order

Dalixam Terran - Winner!

Build Orders: Liberator Opening 

Get SALT Encoding   

  12  0:01  SCV  
  13  0:13  SCV  
  14  0:25  SCV  
  15  0:35  Supply Depot  
  15  0:38  Refinery  
  15  0:56  SCV  
  16  0:59  Barracks  
  16  1:09  Refinery, SCV  
  17  1:19  Supply Depot  
  17  1:21  SCV  
  18  1:33  SCV  
  19  1:46  Marine  
  20  1:51  Orbital Command  
  20  2:02  Factory  
  20  2:06  Barracks Reactor  
  20  2:21  SCV  
  21  2:33  SCV  
  22  2:43  Command Center  
  22  2:45  Factory Tech Lab, SCV  
  22  2:48  Marine  
  24  3:06  Siege Tank  
  27  3:14  Marine x2  
  27  3:18  SCV  
  30  3:20  Starport  
  30  3:28  Supply Depot  
  30  3:37  Marine  
  31  3:41  Liberator  
  31  3:49  Marine  
  31  3:50  Siege Tank  
  31  3:51  Supply Depot  
  35  4:02  SCV  
  39  4:11  Marine  
  39  4:14  SCV, Supply Depot  
  41  4:19  SCV  
  42  4:26  SCV  
  42  4:31  SCV  
  44  4:32  Supply Depot  
  44  4:41  Orbital Command  
  44  4:43  SCV  
  44  4:44  Starport Reactor  
  45  4:55  SCV  
  46  5:03  Liberator  
  46  5:04  Liberator  
  46  5:07  SCV  
  46  5:08  Siege Tank  
  46  5:09  Marine x2  
  52  5:19  SCV  
  59  5:27  Marine x2  
  61  5:45  Marine x2  
  61  5:46  SCV  
  61  5:49  Siege Tank  
  67  5:50  Liberator  
  67  5:58  SCV  
  68  6:10  Marine, SCV  
  68  6:11  Marine  
  74  6:15  Supply Depot x2  
  74  6:21  Siege Tank  
  74  6:22  SCV  
  78  6:32  Liberator  
  78  6:36  Marine x2  
  80  6:49  Engineering Bay  
  83  6:54  Marine x2  
  83  6:56  SCV  
  86  7:01  Refinery  
  86  7:02  Refinery  
  86  7:08  SCV  
  86  7:12  Marine x2  
  89  7:20  SCV  
  90  7:29  Marine x2  
  81  7:33  SCV  
  84  7:42  Missile Turret  
  84  7:45  SCV  
  88  7:52  Marine x2  
  88  7:57  Barracks  
  90  8:02  Missile Turret  
  90  8:03  Barracks  
  90  8:04  Barracks  
  90  8:06  Barracks  
Show
View Real Time Build Order
Export as new Build Order

zidar Zerg 

Build Orders: Hatch First, Muta Ling Bane 

Get SALT Encoding   

  12  0:01  Drone  
  13  0:12  Overlord  
  13  0:18  Drone  
  14  0:32  Drone x2  
  16  0:39  Drone  
  17  0:56  Hatchery  
  16  0:58  Drone  
  16  1:04  Extractor, Drone  
  17  1:21  Spawning Pool  
  17  1:23  Drone  
  17  1:35  Drone  
  18  1:42  Drone x2  
  20  1:53  Drone  
  21  2:00  Overlord  
  21  2:06  Extractor  
  21  2:07  Queen  
  24  2:15  Drone  
  24  2:18  Metabolic Boost  
  24  2:22  Zergling x4  
  26  2:29  Queen  
  25  2:33  Drone x2  
  29  2:52  Baneling Nest  
  28  3:05  Drone x6  
  34  3:19  Extractor, Pneumatized Carapace  
  33  3:31  Hatchery  
  33  3:32  Drone x3  
  35  3:38  Zergling x2  
  35  3:40  Overlord  
  36  3:53  Lair  
  36  4:02  Queen  
  38  4:08  Extractor, Drone x3  
  40  4:13  Extractor  
  40  4:16  Drone  
  42  4:17  Drone x2  
  42  4:31  Drone x2  
  42  4:34  Overlord x2  
  42  4:35  Overlord  
  44  4:56  Spore Crawler  
  43  5:01  Spore Crawler  
  43  5:06  Spore Crawler x2  
  40  5:07  Queen  
  40  5:10  Drone x7  
  49  5:19  Drone x3  
  52  5:21  Drone  
  52  5:24  Drone  
  52  5:26  Drone  
  55  5:44  Spore Crawler  
  55  5:45  Spore Crawler  
  55  5:48  Drone x3  
  56  5:59  Baneling x2  
  56  6:00  Centrifical Hooks, Spire  
  56  6:03  Zergling x10  
  60  6:16  Baneling  
  60  6:18  Zergling x2  
  60  6:19  Zergling x10  
  66  6:31  Evolution Chamber  
  65  6:33  Evolution Chamber  
  64  6:41  Zergling x4  
  64  6:43  Baneling  
  64  6:45  Baneling x8  
  64  6:46  Baneling x3  
  66  6:47  Baneling x3  
  66  7:04  Overlord x6  
  66  7:11  Mutalisk  
  60  7:28  Zergling x22  
  59  7:34  Mutalisk  
  59  7:35  Mutalisk  
  63  7:47  Overseer x3  
  63  7:49  Baneling x8  
  63  7:50  Baneling x9  
Tags
 
Add a new tag
Caveats
  • Supply blocks, unpowered buildings, or Contaminate may cause inaccurate times.
  • Supply counts are checked every 10 seconds.